 Seeded DCSS version 0.29.1-1-gd02db6906a (webtiles) character file.

Game seed: 2387645567842811425 (custom seed)

9 lonewolfV2 the Covered (level 2, 0/19 HPs)
             Began as a Gargoyle Fighter on Oct 18, 2022.
             Slain by a kobold
             ... wielding a +2 vampiric short sword
              (4 damage)
             ... on level 1 of the Dungeon.
             The game lasted 00:00:10 (216 turns).

lonewolfV2 the Covered (Gargoyle Fighter)            Turns: 216, Time: 00:00:11

Health: 0/19       AC:  9    Str: 19    XL:     2   Next: 16%
Magic:  2/2        EV:  9    Int:  8    God:
Gold:   14         SH:  4    Dex:  9    Spells: 1/1 levels left

rFire   . . .      SeeInvis .   a - +0 flail
rCold   . . .      Faith    .   c - +0 buckler
rNeg    + . .      Spirit   .   b - +0 scale mail
rPois   ∞          Reflect  .   (no helmet)
rElec   +          Harm     .   (no cloak)
rCorr   .          Rampage  .   (no gloves)
Will    .....                   (no boots)
Stlth   ..........              (no amulet)
HPRegen 0.06/turn               (no ring)
MPRegen 0.08/turn               (no ring)

@: no status effects
A: sickness immunity, AC +2, negative energy resistance 1, electricity
resistance, torment resistance 1, petrification resistance
a: no special abilities


You were on level 1 of the Dungeon.
You visited 1 branch of the dungeon, and saw 1 of its levels.

You collected 14 gold pieces.

Inventory:

Hand Weapons
 a - a +0 flail (weapon)
Armour
 b - a +0 scale mail (worn)
 c - a +0 buckler (worn)
Scrolls
 e - a scroll of noise {unknown}
Potions
 d - a potion of might


   Skills:
 + Level 3.4 Fighting
 + Level 2.2 Maces & Flails
 + Level 3.4 Armour
 + Level 3.4 Shields


You had one spell level left.
You didn't know any spells.
Your spell library was empty.

Dungeon Overview and Level Annotations

Branches:
Dungeon (1/15)

Altars:


Innate Abilities, Weirdness & Mutations

You are immune to sickness and miasma.
Your stone body is resilient. (AC +2)
You are immune to poison.
You resist negative energy. (rN+)
You are resistant to electric shocks. (rElec)
You are resistant to unholy torment.
You are immune to petrification.


Message History

You hit the jackal but do no damage. The jackal barely misses you.
You block the jackal's attack. The jackal closely misses you.
The jackal barely misses you.
You hit the jackal.
You kill the jackal!
The jackal bites you but does no damage. x2
You have reached level 2!
You closely miss the goblin.
The jackal bites you but does no damage.
The goblin hits you with a +0 club. The jackal bites you.
You barely miss the goblin. You block the goblin's attack.
The jackal bites you but does no damage.
The goblin closely misses you.
You hit the goblin.
You kill the goblin!
The jackal bites you but does no damage. x2
The ball python closely misses you. The ball python grabs you.
The ball python constricts you.
You sock the ball python!
You kill the ball python!
You block the jackal's attack.
The kobold throws a stone.
The stone hits you but does no damage. The jackal closely misses you.
Unknown command.
The jackal closely misses you.
The kobold hits you with a +2 vampiric short sword.
Things that are here:
a +0 club; a ball python corpse You closely miss the kobold.
The jackal bites you.
The kobold hits you with a +2 vampiric short sword.
The jackal barely misses you. The kobold hits you but does no damage.
You barely miss the kobold. The jackal barely misses you.
The kobold hits you but does no damage. The jackal bites you.
You hit the kobold but do no damage. The jackal bites you.
* * * LOW HITPOINT WARNING * * *
You block the kobold's attack. The jackal barely misses you.
You closely miss the kobold.
The jackal bites you but does no damage.
The kobold hits you but does no damage. The jackal barely misses you.
The kobold hits you with a +2 vampiric short sword.
You die...

#. #..........# ..
#.......#..# .....
#..#.......#..# ...S.
#..#####.###..# #.....
#............[# ......
#.............# #......
#####.######### ##.......
#####.#############........
................@K.........
.#####..#.##..#h##.##......
#..#.##..#.##.# .....
#....##..#.##.# ....
...#.##..#.##.# ...
###.#.##.>...... ..
#.#.......###. .
..###.....# . #..###


You could see a jackal and a kobold.

Vanquished Creatures
  A ball python (D:1)
  2 endoplasms (D:1)
  A goblin (D:1)
  A hobgoblin (D:1)
  2 jackals (D:1)
7 creatures vanquished.

Notes
Turn   | Place    | Note
-------+----------+-------------------------------------------
     0 | D:1      | lonewolfV2 the Gargoyle Fighter began the quest for the
                  | Orb.
     0 | D:1      | Reached XP level 1. HP: 14/14 MP: 1/1
   208 | D:1      | Reached XP level 2. HP: 15/19 MP: 2/2
   216 | D:1      | Slain by a kobold

Illustrated notes

Levels and vault maps discovered:
D:1:      lemuel_arrival_room, layout_basic, ebering_ecumenical_altar_box

Action                   || total
-------------------------++-------
Melee: Flail             ||    22
Armor: Scale mail        ||    18
Dodge: Dodged            ||    19
Block: Buckler           ||     8
